 Dungeon Crawl Stone Soup version 0.17-a0-1164-g0ba867e (webtiles) character file.

117462 abixa the Brawler (level 16, -7/169 HPs)
             Began as a Troll Earth Elementalist on May 25, 2015.
             Was the Champion of Okawaru.
             Mangled by a trapdoor spider (12 damage)
             ... on level 2 of the Spider Nest on May 28, 2015.
             The game lasted 03:02:24 (38187 turns).

abixa the Brawler (Troll Earth Elementalist)       Turns: 38187, Time: 03:02:24

Health: -7/169     AC: 13    Str: 24    XL:     16   Next: 23%
Magic:  12/12      EV:  4    Int: 16    God:    Okawaru [******]
Gold:   637        SH:  0    Dex: 10    Spells: 2 memorised, 11 levels left

rFire  + + .     SeeInvis .       - Unarmed
rCold  . . .     Clarity  .     f - +0 fire dragon armour of Yraann {rF++ rC- rCorr MP-9 Str+4}
rNeg   . . .     SustAt   .     (no shield)
rPois  +         Gourm    +     T - +0 hat
rElec  .         Spirit   .     v - +1 cloak {MR+}
rCorr  +         Warding  .     (gloves unavailable)
rMut   .         Stasis   .     (boots unavailable)
MR     ++...                    S - amulet of faith
Stlth  +.........               c - ring "Joomn" {rPois Stlth+}
                                n - ring of protection from cold

@: very resistant to hostile enchantments, very unstealthy
A: unfitting armour, claws 3, deformed body, fast metabolism 3, gourmand,
regeneration 2, shaggy fur 1, tough skin 2
a: Heroism, Finesse, Renounce Religion


You were on level 2 of the Spider Nest.
You worshipped Okawaru.
Okawaru was exalted by your worship.
You were near starving.

You visited 5 branches of the dungeon, and saw 30 of its levels.
You also visited: Labyrinth, Ice Cave and Volcano.

You collected 2699 gold pieces.
You spent 2062 gold pieces at shops.

Inventory:

Hand weapons
 b - a +6 blowgun
Missiles
 d - 7 large rocks (quivered)
 g - 6 needles of frenzy
 h - 3 poisoned javelins
 k - 3 throwing nets
 l - 137 poisoned needles
 t - 5 javelins of returning
 D - 6 curare-tipped needles
Armour
 f - the +0 fire dragon armour of Yraann (worn) {rF++ rC- rCorr MP-9 Str+4}
   (You acquired it on level 12 of the Dungeon)

   It affects your strength (+4).
   It greatly protects you from fire.
   It makes you vulnerable to cold.
   It affects your magic capacity (-9).
   It protects you from acid and corrosion.
 v - a +1 cloak of magic resistance (worn)
 w - a +1 cloak of cold resistance
 C - the +0 storm dragon armour of Impatience {rElec rN++ Stlth+}
   (Okawaru gifted it to you on level 15 of the Dungeon)

   It insulates you from electricity.
   It greatly protects you from negative energy.
   It makes you more stealthy.
 T - a +0 hat (worn)
Jewellery
 c - the ring "Joomn" (right claw) {rPois Stlth+}
   (You bought it in a shop on level 7 of the Dungeon)

   [ring of stealth]

   It protects you from poison.
   It makes you more stealthy.
 m - an uncursed ring of flight
 n - a ring of protection from cold (left claw)
 o - an uncursed ring of see invisible
 H - an uncursed ring of sustain attributes
 S - an amulet of faith (around neck)
Magical devices
 y - a wand of disintegration (10)
 F - a wand of teleportation (4)
 L - a wand of polymorph (16)
 W - a wand of paralysis (10)
Scrolls
 j - 10 scrolls of remove curse
 u - 7 scrolls of teleportation
 x - 3 scrolls of vulnerability
 B - a scroll of magic mapping
 I - a scroll of fear
 K - a scroll of blinking
Potions
 a - 2 potions of haste {unknown}
 i - a potion of cancellation
 r - 4 potions of agility
 s - 3 potions of berserk rage
 A - a potion of invisibility
 M - 3 potions of might
 O - 5 potions of lignification
 P - 15 potions of curing
 U - 4 potions of heal wounds
Books
 p - a book of Maledictions

   Spells                             Type                      Level
   a - Corona                         Hexes                        1
   b - Ensorcelled Hibernation        Hexes/Ice                    2
   c - Confuse                        Hexes                        3
   d - Tukima's Dance                 Hexes                        3
   e - Dazzling Spray                 Conjuration/Hexes            3
Comestibles
 e - 33 fruits
 q - 11 royal jellies


   Skills:
 - Level 13.0 Fighting
 - Level 3.0 Throwing
 * Level 10.7 Armour
 - Level 5.0 Dodging
 - Level 1.1 Stealth
 - Level 18.0 Unarmed Combat
 - Level 1.2 Spellcasting
   Level 0.6 Transmutations
 - Level 3.1 Earth Magic
 - Level 8.0 Invocations


You had 11 spell levels left.
You knew the following spells:

 Your Spells              Type           Power        Failure   Level  Hunger
a - Sandblast             Erth           ##....       17%         1    ##.....
b - Lee's Rapid Deconstr  Erth           ##........   100%        5    ######.


Dungeon Overview and Level Annotations

Branches:
Dungeon (15/15)            Temple (1/1) D:7            Lair (8/8) D:8
 Shoals (0/4) Lair:6       Spider (2/4) Lair:3        Slime (0/6) Lair:8
    Orc (4/4) D:11            Elf (0/3) Orc:4        Vaults (0/5) D:13
 Depths (0/5) D:15

Altars:
Ashenzari
Cheibriados
Dithmenos
Elyvilon
Fedhas
Gozag
Kikubaaqudgha
Makhleb
Nemelex Xobeh
Okawaru
Qazlal
Ru
Sif Muna
Trog
Vehumet
Xom
Yredelemnul
Zin
The Shining One
Beogh
Jiyva

Shops:
D:6 %   D:7 %*==*   D:11 [   D:15 %   Orc:4 ([:*

Annotations:
D:10 Joseph, Urug


Innate Abilities, Weirdness & Mutations

You are too large for most types of armour.
You have claws for hands.
Your metabolism is lightning-fast.
You like to eat raw meat.
You heal very quickly.
You are covered in fur (AC +1).
You have very tough skin (AC +2).
Armour fits poorly on your strangely shaped body.


Message History

You feel better. The tarantella closely misses you.
The trapdoor spider bites you!
* * * LOW HITPOINT WARNING * * *
The redback bites you!
* * * LOW HITPOINT WARNING * * *
The tarantella bites you.
* * * LOW HITPOINT WARNING * * *
The trapdoor spider bites you!
* * * LOW HITPOINT WARNING * * *
The redback misses you. The trapdoor spider barely misses you.
The redback bites you.
* * * LOW HITPOINT WARNING * * *
The redback bites you but does no damage.
The tarantella bites you but does no damage.
The trapdoor spider closely misses you. The redback bites you.
* * * LOW HITPOINT WARNING * * *
There is a stone staircase leading up here.
The tarantella bites you but does no damage.
The trapdoor spider bites you!
You die...

.#...#.?........
..............#
........†..#.$#
...........## #
..........(.###
#####.........#
.....#....##
......#.sss#
.........@.###
......###.}..##
....##.......#
<.##........#
..#.........#
#####........#
#......†...#.#
...........###
.#....#..#...#


You could see a trapdoor spider, a tarantella and a redback.

Vanquished Creatures
  Saint Roka (Orc:4)
  Gastronok (Lair:2)
  Roxanne (D:15)
  Maud (D:12)
  A fire giant (Lair:2)
  Josephine (Orc:1)
  4 vault guards (D:13)
  A minotaur (Lab)
  Fannar (Orc:2)
  Harold (Lair:2)
  A hydra (D:15)
  An entropy weaver (Spider:1)
  Erica (D:11)
  A centaur warrior (D:14)
  A catoblepas (D:13)
  2 tengu warriors
  10 death yaks
  3 ogre magi
  The ghost of OrbSeeker the Thaumaturge, a powerful DEFE of Vehumet (Lair:1)
  An orc high priest (Orc:4)
  Nergalle (D:10)
  An ice devil (IceCv)
  11 skeletal warriors
  3 hill giants
  2 ice statues (IceCv)
  3 wolf spiders
  2 deep elf conjurers (D:15)
  An orb spider (Spider:1)
  2 unseen horrors
  A necromancer (D:15)
  A wizard (D:15)
  5 orc knights
  A hornet (Spider:2)
  2 manticores
  5 griffons
  A moth of wrath (Spider:1)
  An ugly thing (D:13)
  15 elephants
  A cyclops (D:14)
  4 orc sorcerers
  7 black mambas
  A siren (Lair:6)
  4 gargoyles (D:15)
  22 spiny frogs
  A kobold demonologist (D:13)
  An efreet (D:15)
  4 centaur skeletons
  2 fire drakes (Lair:7)
  6 komodo dragons
  A yaktaur (D:15)
  3 giant leeches
  A minotaur zombie (Lab)
  A demonic crawler (Spider:1)
  3 trolls
  4 jumping spiders
  2 polar bears
  A merfolk (Lair:6)
  2 trapdoor spider zombies
  11 two-headed ogres
  A raven (shapeshifter) (D:15)
  3 ravens (D:15)
  7 blue devils (IceCv)
  26 blink frogs
  2 boulder beetles
  5 trapdoor spiders
  Sigmund (D:4)
  42 yaks
  A vampire (D:15)
  10 redbacks
  4 wyverns
  6 wraiths
  3 shadows
  Eustachio (D:4)
  5 basilisks
  3 deep elf magi
  9 hippogriffs
  A hungry ghost (D:7)
  A mottled dragon (D:15)
  A warg (Orc:4)
  6 vampire mosquitoes
  13 water moccasins
  10 wolves
  2 soldier ants (D:9)
  7 porcupines
  Duvessa (D:7)
  A hornet simulacrum (D:15)
  4 necrophages (D:9)
  26 orc warriors
  A phantom (D:12)
  9 spiders
  5 ice beasts
  2 black bears
  A wasp (D:13)
  3 boggarts (D:14)
  16 ogres
  2 centaurs
  2 eyes of draining
  5 sky beasts
  19 crocodiles
  2 big kobolds
  2 wyvern zombies
  Dowan (D:7)
  30 giant frogs
  6 scorpions
  6 killer bees (D:10)
  A water moccasin skeleton (D:8)
  A wight (D:9)
  10 electric eels
  The ghost of Virusyak the Insei, a weakling OpTm (D:3)
  A lava snake (Lair:5)
  6 centaur zombies
  3 crimson imps
  2 quasits
  21 orc priests
  6 jellies
  A giant frog skeleton (D:9)
  32 orc wizards
  9 hounds
  9 iguanas
  Natasha (thrice) (D:4)
  32 sheep
  9 worker ants
  2 hound skeletons
  A mummy (D:9)
  4 gnolls (Orc:3)
  10 adders
  58 river rats
  5 white imps (IceCv)
  2 shadow imps
  11 ufetubi (IceCv)
  An ooze (D:1)
  An adder skeleton (D:4)
  4 adder zombies
  3 worms
  6 giant geckos
  183 orcs
  3 ball pythons
  22 goblins
  22 hobgoblins
  9 jackals
  28 kobolds
  3 quokkas
  16 bats
  7 giant cockroaches
  2 giant newts
  3 quokka skeletons
  A quokka zombie (D:9)
  15 rats
  A fungus (Lair:6)
  3 plants
1062 creatures vanquished.

Vanquished Creatures (collateral kills)
  An orc (Orc:1)
1 creature vanquished.

Vanquished Creatures (others)
  An orc warrior (Orc:1)
  An ufetubus (IceCv)
  An orc (Orc:2)
  10 fungi
  4 plants
17 creatures vanquished.

Grand Total: 1080 creatures vanquished

Notes
Turn   | Place    | Note
--------------------------------------------------------------
     0 | D:1      | abixa the Troll Earth Elementalist began the quest for the Orb.
     0 | D:1      | Reached XP level 1. HP: 16/16 MP: 1/1
   144 | D:1      | Reached skill level 1 in Unarmed Combat
   294 | D:1      | Reached XP level 2. HP: 24/24 MP: 2/2
   892 | D:2      | Reached XP level 3. HP: 28/31 MP: 3/3
  1070 | D:2      | Found a shadowy altar of Dithmenos.
  1105 | D:2      | Reached skill level 3 in Unarmed Combat
  1144 | D:2      | Found an iron altar of Okawaru.
  1155 | D:2      | Became a worshipper of Warmaster Okawaru
  1543 | D:3      | Reached XP level 4. HP: 39/39 MP: 4/4
  1644 | D:3      | Found a white marble altar of Elyvilon.
  1908 | D:3      | Noticed Virusyak's ghost (weakling OpTm)
  1950 | D:3      | Killed Virusyak's ghost
  1950 | D:3      | Reached skill level 4 in Unarmed Combat
  2187 | D:4      | Noticed Eustachio
  2207 | D:4      | Killed Eustachio
  2207 | D:4      | Acquired Okawaru's first power
  2207 | D:4      | Reached skill level 5 in Unarmed Combat
  2207 | D:4      | Reached XP level 5. HP: 34/45 MP: 5/5
  2222 | D:4      | Reached XP level 6. HP: 49/53 MP: 6/6
  2272 | D:4      | Reached skill level 6 in Unarmed Combat
  2302 | D:4      | Noticed Natasha
  2312 | D:4      | Killed Natasha
  2319 | D:4      | Noticed an ice beast
  2346 | D:4      | Killed an ice beast
  2346 | D:4      | Reached skill level 1 in Invocations
  2411 | D:4      | Reached skill level 1 in Fighting
  2432 | D:4      | Got a crude hunting sling
  2475 | D:4      | Noticed Sigmund
  2489 | D:4      | Noticed Natasha
  2492 | D:4      | Killed Natasha
  2574 | D:4      | Identified the +5 hunting sling of the Vestibule of Hell {velocity, Str+2 Dex+4} (You found it on level 4 of the Dungeon)
  2591 | D:4      | Killed Sigmund
  2591 | D:4      | Reached skill level 7 in Unarmed Combat
  2591 | D:4      | Reached XP level 7. HP: 62/65 MP: 7/7
  2948 | D:4      | Noticed Natasha
  2953 | D:4      | Killed Natasha
  3083 | D:5      | Entered Level 5 of the Dungeon
  3714 | D:5      | Reached XP level 8. HP: 76/76 MP: 8/8
  4011 | D:6      | Reached skill level 8 in Unarmed Combat
  4098 | D:6      | Found Faschawuo's Food Emporium.
  4374 | D:6      | Found a sacrificial altar of Ru.
  4376 | D:6      | Found a shimmering altar of Xom.
  4411 | D:6      | Found a white marble altar of Elyvilon.
  4660 | D:7      | Found Wihamaimiab's Jewellery Emporium.
  4713 | D:7      | Noticed Duvessa
  4718 | D:7      | Noticed Dowan
  4726 | D:7      | Killed Duvessa
  4745 | D:7      | Killed Dowan
  4798 | D:7      | Found Lerchoe's Assorted Antiques.
  4852 | D:7      | Reached skill level 5 in Fighting
  4852 | D:7      | Reached skill level 9 in Unarmed Combat
  4874 | D:7      | Found a staircase to the Ecumenical Temple.
  4980 | D:7      | Found Ceare's Food Emporium.
  4994 | D:7      | Reached XP level 9. HP: 77/88 MP: 9/9
  5042 | D:7      | Found Zetaqu's Assorted Antiques.
  5047 | D:7      | Found Koack's Jewellery Emporium.
  5052 | D:7      | Bought a shimmering granite ring for 110 gold pieces
  5052 | D:7      | Bought a scroll labeled FIXEK ZEWKUTUE for 22 gold pieces
  5052 | D:7      | Bought a scroll labeled MACUNIQESTRO for 22 gold pieces
  5052 | D:7      | Bought a scroll labeled VUALOV BOLIRGH for 22 gold pieces
  5052 | D:7      | Bought an orange potion for 19 gold pieces
  5052 | D:7      | Bought a scroll labeled FIXEK ZEWKUTUE for 22 gold pieces
  5053 | D:7      | Identified the ring "Vielyme" {*Confuse rPois Str+3 Stlth+} (You bought it in a shop on level 7 of the Dungeon)
  5126 | Temple   | Entered the Ecumenical Temple
  5418 | D:7      | Found an ancient bone altar of Kikubaaqudgha.
  5602 | D:8      | Found Vasanus's Antique Armour Boutique.
  5690 | D:8      | Found a glowing golden altar of the Shining One.
  5814 | D:8      | Found a staircase to the Lair.
  5825 | D:8      | Reached skill level 10 in Unarmed Combat
  5832 | D:8      | Noticed an elephant
  5847 | D:8      | Killed an elephant
  5847 | D:8      | Acquired Okawaru's second power
  5863 | D:8      | Received a gift from Okawaru
  6016 | D:8      | Found a sparkling altar of Nemelex Xobeh.
  7050 | D:9      | Reached skill level 11 in Unarmed Combat
  7176 | D:9      | Reached XP level 10. HP: 102/102 MP: 10/10
  8184 | D:9      | Received a gift from Okawaru
  8185 | D:9      | Got a crude arbalest {god gift}
  8387 | D:10     | Entered Level 10 of the Dungeon
  8387 | D:10     | Noticed Nergalle
  8434 | D:10     | Killed Nergalle
  8434 | D:10     | Reached skill level 12 in Unarmed Combat
  8507 | Lair:1   | Entered Level 1 of the Lair of Beasts
  8514 | Lair:1   | Identified the +1 arbalest "Eppue" {flame, Int+4} (Okawaru gifted it to you on level 9 of the Dungeon)
  8633 | Lair:1   | Noticed OrbSeeker's ghost (powerful DEFE)
  8750 | Lair:1   | Killed OrbSeeker's ghost
  8750 | Lair:1   | Received a gift from Okawaru
  9037 | Lair:1   | Reached XP level 11. HP: 99/112 MP: 11/11
  9443 | Lair:2   | Noticed Harold
  9443 | Lair:2   | Noticed a four-headed hydra
  9491 | Lair:1   | Reached skill level 13 in Unarmed Combat
 10083 | D:10     | Noticed Urug
 10163 | D:10     | Received a gift from Okawaru
 10938 | D:10     | Noticed Joseph
 11336 | D:11     | Found Dossicyq's Antique Armour Boutique.
 11340 | D:11     | Bought a faintly glowing robe for 176 gold pieces
 11340 | D:11     | Bought a glowing cloak for 139 gold pieces
 11355 | D:11     | Identified the +0 robe "Lanlel" {rF+} (You bought it in a shop on level 11 of the Dungeon)
 11755 | D:11     | Found a staircase to the Orcish Mines.
 12239 | Orc:1    | Entered Level 1 of the Orcish Mines
 12239 | Orc:1    | Noticed Erica
 12259 | D:11     | Killed Erica
 12259 | D:11     | Reached skill level 14 in Unarmed Combat
 12516 | Orc:1    | Found an iron altar of Okawaru.
 13196 | Orc:2    | Found a roughly hewn altar of Beogh.
 13372 | Orc:3    | Found a frozen archway.
 13420 | IceCv    | Entered an ice cave
 13456 | IceCv    | Noticed an ice statue
 13456 | IceCv    | Noticed an ice statue
 13464 | IceCv    | Killed an ice statue
 13484 | IceCv    | Killed an ice statue
 13484 | IceCv    | Reached skill level 10 in Fighting
 13874 | IceCv    | Reached XP level 12. HP: 82/125 MP: 12/12
 14003 | IceCv    | Noticed an ice devil
 14019 | IceCv    | Killed an ice devil
 14026 | IceCv    | Reached skill level 15 in Unarmed Combat
 14135 | IceCv    | Received a gift from Okawaru
 15010 | Orc:1    | Noticed Fannar
 15056 | Orc:2    | Killed Fannar
 15546 | Orc:2    | Noticed Josephine
 15568 | Orc:1    | Killed Josephine
 15831 | Orc:4    | Entered Level 4 of the Orcish Mines
 16474 | Orc:4    | Paralysed by an orc sorcerer for 2 turns
 16864 | Orc:4    | Reached skill level 1 in Armour
 17127 | Orc:4    | Noticed Saint Roka
 17200 | Orc:3    | Received a gift from Okawaru
 17428 | Orc:4    | Reached skill level 16 in Unarmed Combat
 17485 | Orc:4    | Found a roughly hewn altar of Beogh.
 17497 | Orc:4    | Found Benimof's General Store.
 17820 | Orc:4    | Found Ukhlonei's Antique Armour Boutique.
 18130 | Orc:4    | Killed Saint Roka
 18130 | Orc:4    | Received a gift from Okawaru
 18130 | Orc:4    | Reached XP level 13. HP: 43/136 MP: 6/14
 18201 | Orc:4    | Bought a scroll of identify for 28 gold pieces
 18239 | Orc:4    | Found a staircase to the Elven Halls.
 18299 | Orc:4    | Bought an ancient robe for 171 gold pieces
 18308 | Orc:4    | Found Geleq's Antique Weapon Boutique.
 18324 | Orc:4    | Found Kitz's Book Boutique.
 18594 | D:7      | Bought a glass wand for 96 gold pieces
 18594 | D:7      | Bought a wooden wand for 96 gold pieces
 18616 | D:7      | Bought an uncursed amulet of faith for 440 gold pieces
 18648 | D:7      | Identified the cursed -5 robe of Misfortune {-Cast *Contam *Tele EV-4 Str-2 Int-2 Dex-2 Stlth-- *Curse} (You bought it in a shop on level 4 of the Orcish Mines)
 18753 | Lair:1   | Gained mutation: Armour fits poorly on your strangely shaped body. [mutagenic glow]
 18772 | Lair:1   | Upgraded the game from 0.17-a0-1133-gfb1399f to 0.17-a0-1141-g3e25b61
 18938 | Lair:2   | Noticed Gastronok
 19310 | Lair:3   | Found a hole to the Spider Nest.
 20146 | Lair:2   | Noticed a fire giant
 20146 | Lair:2   | a four-headed hydra changed into a fire giant
 20388 | Lair:2   | Killed Harold
 20595 | Lair:2   | Killed a fire giant
 20629 | Lair:2   | Killed Gastronok
 20629 | Lair:2   | Reached skill level 5 in Invocations
 21439 | Lair:4   | Reached skill level 1 in Throwing
 21645 | Lair:4   | Received a gift from Okawaru
 22275 | Lair:5   | Found a dark tunnel.
 22286 | Volcano  | Entered a volcano
 24131 | Lair:6   | Found a staircase to the Shoals.
 24451 | Lair:6   | Received a gift from Okawaru
 24451 | Lair:6   | Reached XP level 14. HP: 136/145 MP: 19/19
 24484 | Lair:6   | Got a dull robe {god gift}
 24495 | Lair:6   | Identified the +0 robe of an ossuary {rC+ Int+2 Dex+2} (Okawaru gifted it to you on level 6 of the Lair of Beasts)
 25767 | Lair:7   | Reached skill level 5 in Dodging
 25865 | Lair:7   | Reached skill level 5 in Armour
 25882 | Lair:7   | HP: 6/147 [elephant (11)]
 25882 | Lair:7   | HP: 1/147 [elephant (5)]
 26506 | Lair:7   | Received a gift from Okawaru
 26507 | Lair:7   | Got a transparent bardiche {god gift}
 26824 | Lair:8   | Entered Level 8 of the Lair of Beasts
 26824 | Lair:8   | Found a staircase to the Slime Pits.
 26824 | Lair:8   | Found a viscous altar of Jiyva.
 26881 | Lair:8   | Found a labyrinth entrance.
 26971 | Lab      | Entered a labyrinth
 27566 | Lab      | Got a fine morningstar
 27602 | Lair:8   | Identified a +1 rod of the swarm (12/12) (You found it in a labyrinth)
 28174 | Lair:7   | Received a gift from Okawaru
 28700 | Lair:8   | Received a gift from Okawaru
 28983 | Lair:8   | Received a gift from Okawaru
 29014 | Lair:7   | Reached skill level 17 in Unarmed Combat
 29866 | Lair:8   | HP: 4/150 [elephant (8)]
 29871 | Lair:8   | HP: 5/150 [poisoned by a spiny frog]
 29876 | Lair:8   | HP: 7/150 [poisoned by a spiny frog]
 30071 | Lair:8   | Reached XP level 15. HP: 77/158 MP: 20/20
 30897 | Lair:2   | Identified the +7 bardiche of the Wolf {vamp, +Blink Str+3 Int-2} (Okawaru gifted it to you on level 7 of the Lair of Beasts)
 30907 | Lair:2   | Learned a level 5 spell: Lee's Rapid Deconstruction
 31057 | D:12     | Noticed Maud
 31612 | D:12     | Killed Maud
 31817 | D:12     | Identified a scroll of acquirement
 31819 | D:12     | Got a shimmering fire dragon armour
 31830 | D:12     | Identified the +0 fire dragon armour of Yraann {rF++ rC- rCorr MP-9 Str+4} (You acquired it on level 12 of the Dungeon)
 31849 | D:13     | Received a gift from Okawaru
 31850 | D:13     | Got a faintly glowing robe {god gift}
 32124 | D:13     | Found a gate to the Vaults.
 33483 | D:14     | Found a viscous altar of Jiyva.
 33607 | D:14     | Received a gift from Okawaru
 33623 | D:14     | Identified the +0 robe of the Onion {Str+4 Int+2} (Okawaru gifted it to you on level 13 of the Dungeon)
 34149 | D:15     | Entered Level 15 of the Dungeon
 34217 | D:15     | Noticed Roxanne
 34237 | D:15     | Killed Roxanne
 34240 | D:15     | Identified Roxanne's Almanac of Changing (You took it off Roxanne on level 15 of the Dungeon)
 34346 | D:15     | Reached skill level 18 in Unarmed Combat
 34381 | D:15     | Found Ukaezidi's Food Boutique.
 34487 | D:15     | Received a gift from Okawaru
 35376 | D:15     | Found a staircase to the Depths.
 35455 | D:15     | Received a gift from Okawaru
 35480 | D:15     | Got a faintly humming storm dragon armour {god gift}
 35491 | D:15     | Identified the +0 storm dragon armour of Impatience {rElec rN++ Stlth+} (Okawaru gifted it to you on level 15 of the Dungeon)
 35537 | D:15     | Reached XP level 16. HP: 146/169 MP: 21/21
 35910 | D:15     | Reached skill level 10 in Armour
 36547 | D:7      | Bought the ring "Joomn" {rPois Stlth+} for 459 gold pieces
 36547 | D:7      | Bought an uncursed ring of see invisible for 240 gold pieces
 36696 | Spider:1 | Entered Level 1 of the Spider Nest
 37940 | Spider:1 | Upgraded the game from 0.17-a0-1141-g3e25b61 to 0.17-a0-1164-g0ba867e
 38184 | Spider:2 | HP: 6/169 [redback (6)]
 38187 | Spider:2 | Mangled by a trapdoor spider

Vault maps used:
D:1:      evilmike_arrival_rings
D:2:      lemuel_crystal_altar, lemuel_round_altar
D:3:      elyvilon_altar_1
D:4:      uniq_sigmund, uniq_eustachio, uniq_natasha
D:5:      first_bread
D:6:      old_standard_altar, nicolae_overflow_hidden_temple, serial_shops, shop
D:7:      lemuel_coloured_pillars_altar, minmay_temple_entry_statues_pillars,
          serial_shops, nicolae_shop_temple_entry_statues_fountains,
          shop_statue, nicolae_shop_overgrown_old_shop,
          nicolae_shop_scaring_up_business, nicolae_shop_window_shopping,
          uniq_duvessa
D:8:      kennysheep_mini, david_lair_generic, basic_altar, serial_shops, shop
D:9:      serial_undead, serial_undead_d, serial_undead_b, serial_undead_c,
          serial_undead_b, hangedman_pestilent_swarm
D:10:     nicolae_zen_rock_garden, uniq_urug, uniq_nergalle, uniq_joseph
D:11:     orc_0_dummy, serial_shops, shop
D:12:     special_room, grunt_decor_mini_mirrors, uniq_maud
D:13:     lightli_vaults_fourway_checkpoint, small_chamber_with_monster
D:14:     serial_bayou_pond_e, jiyva_altar_1
D:15:     grunt_enter_depths_magical_seal, serial_shops, shop, uniq_roxanne
Temple:   eino_temple_water_12
Lair:1:   small_statue_intersection
Lair:2:   st_stairs_7, lemuel_fruit_fields, grunt_megastairs_3, uniq_harold,
          uniq_gastronok
Lair:3:   nicolae_spider_entry_non_spiders, serial_bayou_lagoon_b,
          grunt_megastairs_2
Lair:5:   enter_volcano_2, st_stairs_5, infiniplex_staircase_pool
Lair:6:   elwin_shoals_entry_rooms
Lair:7:   grunt_megastairs_4
Lair:8:   minmay_lair_end_frog_pond, slime_altar_1, lab_entry_generic,
          serial_bayou_shore_a
Spider:2: spider_trap
Orc:1:    okawaru_metal_pillars_3, uniq_fannar, uniq_erica
Orc:2:    minmay_orc_temple_a, uniq_josephine
Orc:3:    portal_ice_cave_entry_pillars_02, nicolae_orc_pool_cavern
Orc:4:    grunt_orc_cross
Lab:      labyrinth_hidden_loot
IceCv:    ice_cave_small_demon
Volcano:  volcano_caves

Action                   |  1- 3 |  4- 6 |  7- 9 | 10-12 | 13-15 | 16-18 || total
-------------------------+-------+-------+-------+-------+-------+-------++-------
Melee: Unarmed           |   161 |   108 |   333 |   943 |  1604 |   168 ||  3317
 Fire: Blowgun           |       |     8 |    17 |    85 |    96 |    17 ||   223
       Hunting sling     |       |       |    37 |    36 |       |       ||    73
Throw: Stone             |       |     3 |    18 |    11 |       |       ||    32
       Tomahawk          |       |       |       |       |     4 |     3 ||     7
       Javelin           |       |       |       |       |     7 |       ||     7
Invok: Heroism           |       |       |       |     4 |     8 |       ||    12
       Finesse           |       |       |       |     1 |       |       ||     1
Evoke: Wand              |       |       |       |     8 |     3 |     1 ||    12
  Use: Scroll            |       |       |     8 |    12 |    21 |     1 ||    42
       Potion            |       |       |       |       |     1 |     1 ||     2
 Stab: Sleeping          |     2 |     2 |     4 |    11 |     5 |       ||    24
       Distracted        |       |       |       |     1 |     2 |       ||     3
       Fleeing           |       |       |       |       |     1 |       ||     1
       Petrified         |       |       |       |       |     2 |       ||     2
  Eat: Chunk             |    19 |    10 |    39 |   107 |   163 |    10 ||   348
       Fruit             |       |       |       |       |       |     6 ||     6
